 Dungeon Crawl Stone Soup version 0.22.1-2-g9c5b331 (webtiles) character file.

2184 Lew the Cleaver (level 9, -6/79 HPs)
             Began as a Hill Orc Fighter on Nov 16, 2018.
             Was a Believer of Beogh.
             Killed from afar by an electric eel (8 damage)
             ... with a bolt of electricity
             ... on level 5 of the Dungeon.
             The game lasted 00:12:34 (6217 turns).

Lew the Cleaver (Hill Orc Fighter)                  Turns: 6217, Time: 00:12:35

Health: -6/79      AC:  8    Str: 23    XL:     9   Next: 33%
Magic:  5/10       EV:  9    Int:  8    God:    Beogh [**....]
Gold:   291        SH: 14    Dex: 21    Spells: 8/8 levels left

rFire    + . .     SeeInvis .   a - +2 war axe
rCold    + . .     Gourm    .   c - +2 shield
rNeg     + . .     Faith    .   o - +0 troll leather armour
rPois    .         Spirit   .   g - +0 helmet "Aseijyhe" {*Corrode rC+ Str+3 Dex+9}
rElec    .         Reflect  .   (no cloak)
rCorr    .         Harm     .   (no gloves)
MR       +....                  (no boots)
Stlth    ++........             (no amulet)
HPRegen  0.63/turn              m - ring of positive energy
MPRegen  0.12/turn              p - ring of protection from magic

@: no status effects
A: icy blue scales 1, fire resistance 1, MP-powered wands
a: Smiting, Renounce Religion


You were on level 5 of the Dungeon.
You worshipped Beogh.
Beogh was pleased with you.
You were not hungry.

You visited 1 branch of the dungeon, and saw 5 of its levels.

You collected 291 gold pieces.

Inventory:

Hand Weapons
 a - a +2 war axe (weapon)
Armour
 b - a +0 scale mail
 c - a +2 shield (worn)
 g - the +0 helmet "Aseijyhe" (worn) {*Corrode rC+ Str+3 Dex+9}
   (You took it off Robin on level 2 of the Dungeon)

   It affects your strength (+3).
   It affects your dexterity (+9).
   It protects you from cold.
   It may corrode you when you take damage.
 o - a +0 troll leather armour (worn)
Jewellery
 m - a ring of positive energy (left hand)
 p - a ring of protection from magic (right hand)
Wands
 d - a wand of paralysis (12)
Scrolls
 j - a scroll of remove curse
 n - 3 scrolls of teleportation
Potions
 e - 3 potions of curing
 l - a potion of agility
Comestibles
 f - 11 rations


   Skills:
 + Level 7.2 Fighting
 + Level 8.5 Axes
 - Level 7.5 Armour
 - Level 7.5 Shields
 + Level 2.2 Invocations


You had 8 spell levels left.
You didn't know any spells.
Your spell library contained the following spells:

 Spells                   Type           Power        Failure   Level  Hunger
 Confusing Touch          Hex            #.....       78%         1    ##.....
 Confuse                  Hex            #.......     98%         3    ####...
 Gell's Gravitas          Tloc           #.........   98%         3    ####...
 Petrify                  Tmut/Erth      #.......     100%        4    #####..
 Metabolic Englaciation   Hex/Ice        #.........   100%        5    ######.
 Yara's Violent Unravell  Hex/Tmut       #.........   100%        5    ######.


Dungeon Overview and Level Annotations

Branches:
Dungeon (5/15)
 Temple: D:4-7

Altars:
Fedhas
Qazlal
Uskayaw
Vehumet
Wu Jian
Yredelemnul
Zin


Innate Abilities, Weirdness & Mutations

You are partially covered in icy blue scales. (AC +2)
Your flesh is heat resistant. (rF+)
You expend magic power (3 MP) to strengthen your wands.


Message History

The electric eel shoots out a bolt of lightning at you!
The bolt of electricity hits you!
The bolt of electricity hits the plant.
The electric eel shoots out a bolt of lightning at you!
The bolt of electricity hits you! x2
* * * LOW HITPOINT WARNING * * *
Evoke which item? (* to show all) (? for menu, Esc to quit)
Aiming: Paralyse
Press: ? - help, Shift-Dir - straight line, f - electric eel
Aim: an electric eel (water, chance to defeat MR: 59%)
The electric eel resists with significant effort.
You feel a surge of power!
The electric eel shoots out a bolt of lightning at you!
The bolt of electricity hits you!
* * * LOW HITPOINT WARNING * * *
The bolt of electricity hits the plant.
The electric eel shoots out a bolt of lightning at you!
The bolt of electricity hits you!
* * * LOW HITPOINT WARNING * * *
The bolt of electricity hits you!
You die...

..........#..
.≈≈≈≈##'#.........
..........#.#
.PP.≈;#.#.........
..........#≈#
..P%?;#.#........#
.#.......##≈#
.≈.!≈;#≈#......#.#
###......#≈≈#
...[≈##≈#......... #
#))#####÷##########≈##....##...
# #..#
#..#..P)%≈##≈##..........
###.##
#.#'..≈.≈;≈#≈##...#...... ##..#
#≈#....P@.≈#.##.......... ##..#
#≈#...P.;≈≈#.##.##..##.#. #..##
#≈##..P=.≈##.##.###..(... ...#
##.########.##(.###...... ...#
##....≈≈≈≈##...PP....... ...#
##############.PPP.P#.... ...#
##...# ##PP_P......
...#####...## #PP..P.....
..>......### #.PPP......


You could see 2 electric eels.

Vanquished Creatures
  Pikel (D:3)
  A troll (D:5)
  Grinder (D:4)
  A water moccasin (D:5)
  An orc warrior (D:5)
  4 slaves
  3 ogres
  2 scorpions
  An electric eel (D:5)
  A crimson imp (D:5)
  A centaur skeleton (D:4)
  A hound (D:5)
  An orc priest (D:4)
  6 orc wizards
  An iguana (D:4)
  Terence (D:2)
  Natasha (twice) (D:3)
  3 worker ants
  Robin (D:2)
  9 adders
  3 oozes
  4 worms
  5 dart slugs
  4 leopard geckos
  25 orcs
  4 giant cockroaches
  12 hobgoblins
  4 jackals (D:1)
  A quokka (D:3)
  5 bats
  6 frilled lizards
  17 goblins
  7 kobolds
  5 rats
144 creatures vanquished.

Notes
Turn   | Place    | Note
-------+----------+-------------------------------------------
     0 | D:1      | Lew the Hill Orc Fighter began the quest for the Orb.
     0 | D:1      | Reached XP level 1. HP: 19/19 MP: 1/1
   130 | D:1      | Reached skill level 3 in Axes
   130 | D:1      | Reached XP level 2. HP: 18/27 MP: 2/2
   731 | D:1      | Reached XP level 3. HP: 33/33 MP: 3/3
   883 | D:2      | Noticed Terence
   901 | D:2      | Killed Terence
   981 | D:2      | Found a radiant altar of Vehumet.
  1005 | D:2      | Reached XP level 4. HP: 12/40 MP: 4/4
  1659 | D:2      | Reached skill level 4 in Axes
  1674 | D:2      | Noticed Robin
  1689 | D:2      | Reached XP level 5. HP: 11/47 MP: 5/5
  1696 | D:2      | Killed Robin
  2291 | D:2      | Got an encrusted helmet
  2298 | D:2      | Identified the +0 helmet "Aseijyhe" {*Corrode rC+ Str+3
                  | Dex+9} (You took it off Robin on level 2 of the Dungeon)
  2353 | D:3      | Found a stormy altar of Qazlal.
  2389 | D:3      | Noticed Natasha
  2397 | D:3      | Killed Natasha
  2709 | D:3      | Became a worshipper of Beogh the Brigand
  2856 | D:3      | Found a hide-covered altar of Uskayaw.
  2901 | D:3      | Noticed Natasha
  2909 | D:3      | Killed Natasha
  2909 | D:3      | Reached skill level 5 in Fighting
  2909 | D:3      | Reached XP level 6. HP: 56/56 MP: 6/6
  3140 | D:4      | Noticed a slave
  3140 | D:4      | Noticed a slave
  3141 | D:4      | Noticed a slave
  3141 | D:4      | Noticed Pikel
  3143 | D:4      | Noticed a slave
  3158 | D:3      | Killed a slave
  3162 | D:3      | Killed Pikel
  3162 | D:3      | Reached skill level 6 in Axes
  3162 | D:3      | Reached skill level 5 in Armour
  3162 | D:3      | Reached skill level 5 in Shields
  3162 | D:3      | Reached XP level 7. HP: 24/61 MP: 7/7
  3457 | D:4      | Found an ornate altar of the Wu Jian Council.
  3657 | D:4      | Reached XP level 8. HP: 38/69 MP: 8/8
  3728 | D:4      | Gained mutation: You are partially covered in icy blue
                  | scales. (AC +2) [potion of mutation]
  3728 | D:4      | Gained mutation: Your flesh is heat resistant. (rF+)
                  | [potion of mutation]
  3728 | D:4      | Gained mutation: You expend magic power (3 MP) to
                  | strengthen your wands. [potion of mutation]
  3959 | D:4      | Noticed Grinder
  3991 | D:4      | Killed Grinder
  3991 | D:4      | Reached skill level 7 in Axes
  4106 | D:4      | Reached * piety under Beogh
  4591 | D:4      | Found a glowing silver altar of Zin.
  4721 | D:5      | Entered Level 5 of the Dungeon
  5048 | D:5      | Found a blossoming altar of Fedhas.
  5098 | D:5      | Reached skill level 8 in Axes
  5098 | D:5      | Reached XP level 9. HP: 35/78 MP: 9/9
  5101 | D:5      | Reached ** piety under Beogh
  5426 | D:5      | Reached skill level 1 in Invocations
  5754 | D:5      | Found a basalt altar of Yredelemnul.
  5877 | D:5      | Noticed a troll
  5898 | D:5      | Killed a troll
  6217 | D:5      | HP: 2/79 [electric eel/bolt of electricity (7)]
  6217 | D:5      | Killed from afar by an electric eel

Skill      XL: |  1  2  3  4  5  6  7  8  9 |
---------------+----------------------------+-----
Axes           | 3 4 6 8 |  8.5
Fighting       | 4 5 6 7 |  7.2
Armour         | 4 5 6 7 |  7.5
Shields        | 4 5 6 7 |  7.5
Invocations    | 2 |  2.2

Action                   |  1- 3 |  4- 6 |  7- 9 || total
-------------------------+-------+-------+-------++-------
Melee: War axe           |    88 |   168 |   218 ||   474
Invok: Convert to Beogh  |       |     1 |       ||     1
Evoke: Wand              |       |       |     2 ||     2
  Use: Potion            |       |     7 |     6 ||    13
       Scroll            |       |     4 |     6 ||    10
 Stab: Paralysed         |       |       |     2 ||     2
  Eat: Chunk             |       |     8 |     3 ||    11
       Ration            |       |       |     2 ||     2
Armor: Scale mail        |    35 |    81 |    73 ||   189
Dodge: Dodged            |    30 |    39 |    54 ||   123
Block: Shield            |    47 |   113 |   146 ||   306
